 Dungeon Crawl Stone Soup version 0.31-a0-1620-gcbf77bbcfc (webtiles) character file.

Game seed: 10678899436253009609

35 Flugslaktarn the Trooper (level 3, -3/33 HPs)
             Began as a Minotaur Fighter on Jan 11, 2024.
             Slain by a gnoll
             ... wielding a +0 halberd
              (7 damage)
             ... on level 2 of the Dungeon.
             The game lasted 00:00:39 (1109 turns).

Flugslaktarn the Trooper (Minotaur Fighter)         Turns: 1109, Time: 00:00:39

Health: -3/33      AC: 11    Str: 22    XL:     3   Next: 17%
Magic:  2/2        EV:  6    Int:  5    God:
Gold:   66         SH:  4    Dex:  9    Spells: 2/2 levels left

rFire   . . .        a - +0 war axe
rCold   . . .        c - +0 buckler
rNeg    . . .        l - +0 plate armour
rPois   .            (helmet restricted)
rElec   .            (no cloak)
rCorr   .            (no gloves)
SInv    .            (no boots)
Will    .....        (no amulet) Stlth
                     (no ring)
HPRegen 0.25/turn    (no ring)
MPRegen 0.08/turn

%: no passive effects
@: brilliant
A: horns 2, retaliatory headbutt
a: no special abilities


You were on level 2 of the Dungeon.
You visited 1 branch of the dungeon, and saw 2 of its levels.

You collected 91 gold pieces.
You spent 25 gold pieces at shops.

Inventory:

Hand Weapons
 a - a +0 war axe (weapon)
Armour
 b - a +0 scale mail
 c - a +0 buckler (worn)
 l - a +0 plate armour (worn)
   (You found it on level 2 of the Dungeon)
Jewellery
 o - a ring of poison resistance
   (You found it on level 2 of the Dungeon)
Scrolls
 e - a scroll of identify {unknown}
 f - 2 scrolls of noise {unknown}
 g - 2 scrolls of teleportation {unknown}
 k - a scroll of enchant armour {unknown}
 m - a scroll of brand weapon {unknown}
Potions
 d - a potion of might
 h - a potion of magic {unknown}
 i - a potion of haste {unknown}
 j - a potion of brilliance
 n - a potion of heal wounds {unknown}


   Skills:
 * Level 4.2 Fighting
 * Level 3.2 Axes
 + Level 3.9 Armour
 + Level 3.9 Shields


You had 2 spell levels left.
You didn't know any spells.
Your spell library contained the following spells:

 Spells                   Type           Power      Damage    Failure   Level
 Cigotuvi's Dreadful Rot  Necr/Alch/Air  0%         N/A       100%        2
 Fugue of the Fallen      Necr           0%         N/A       100%        3
 Ozocubu's Armour         Ice            0%         N/A       100%        3
 Dispel Undead            Necr           0%         3d6       100%        4
 Ignite Poison            Fire/Alch      0%         N/A       100%        4
 Manifold Assault         Tloc           0%         N/A       100%        4
 Martyr's Knell           Necr/Summ      0%         N/A       100%        4
 Freezing Cloud           Conj/Ice/Air   0%         6-21      100%        5
 Death Channel            Necr           0%         N/A       100%        6


Dungeon Overview and Level Annotations

Branches:
Dungeon (2/15)

Altars:

Shops:
D:1 **([


Innate Abilities, Weirdness & Mutations

You have a pair of horns on your head.
You reflexively headbutt those who attack you in melee.


Message History

The goblin hits you with a +0 dagger.
You miss the goblin. The goblin hits you with a +0 dagger.
You slash the goblin!
You kill the goblin!
No target in view!
No target in view!
A bat comes into view.
Things that are here:
a +0 dagger; a scroll labelled IDDACA AVEQUICANOE; a goblin corpse A bat is nearby!
The bat hits you but does no damage.
A bat is nearby!
You block the bat's attack. The bat hits you but does no damage.
You slash the bat!
You kill the bat!
No target in view!
No target in view!
No target in view!
No target in view!
No target in view!
m - a scroll labelled IDDACA AVEQUICANOE
Things that are here:
a +0 dagger; a goblin corpse No target in view!
You now have 57 gold pieces (gained 10).
Found a stone staircase leading up.
There is a stone staircase leading up here.
n - a bubbling silvery potion No target in view!
No target in view!
No target in view!
No target in view!
You now have 66 gold pieces (gained 9).
A giant cockroach comes into view.
A giant cockroach is nearby!
A giant cockroach is nearby!
You block the giant cockroach's attack.
You closely miss the giant cockroach.
Your headbutt misses the giant cockroach.
You block the giant cockroach's attack.
The giant cockroach bites you but does no damage.
You hit the giant cockroach.
You kill the giant cockroach!
No target in view!
No target in view!
No target in view!
You see here a giant cockroach corpse.
A kobold and 2 gnolls come into view.
A gnoll is wielding a +0 spear and quivering a throwing net.
The kobold shouts!
The gnoll shouts!
You hear a shout!
A gnoll comes into view. It is wielding a +0 whip.
You closely miss the kobold. The kobold hits you but does no damage.
There are monsters nearby!
You hit the kobold. Your headbutt misses the kobold.
The kobold is severely wounded.
The gnoll hits you but does no damage.
A gnoll comes into view. It is wielding a +0 spear.
The kobold hits you but does no damage. x2
The gnoll hits you but does no damage.
There are monsters nearby!
You closely miss the kobold.
The kobold is severely wounded.
The gnoll barely misses you. The kobold barely misses you.
You closely miss the kobold. Your headbutt misses the kobold.
The kobold is severely wounded.
The gnoll hits you but does no damage. The kobold hits you but does no damage.
You block the kobold's attack. You block the gnoll's attack.
You slash the kobold!
You kill the kobold!
The gnoll hits you from afar with a +0 spear.
You closely miss the gnoll. The gnoll hits you but does no damage.
You slash the gnoll!
The gnoll is almost dead.
The gnoll hits you but does no damage.
The gnoll hits you from afar with a +0 spear.
The gnoll hits you but does no damage.
The gnoll throws a throwing net.
The throwing net hits you.
You become entangled in the net!
The gnoll hits you but does no damage. x2
You struggle against the net.
The gnoll hits you but does no damage.
The gnoll hits you from afar with a +0 halberd.
The gnoll hits you with a +0 whip.
You struggle against the net.
The gnoll hits you from afar with a +0 spear.
The gnoll hits you with a +0 whip.
The gnoll hits you from afar with a +0 halberd.
You tear a large gash into the net.
The gnoll hits you but does no damage. x2
The gnoll hits you from afar with a +0 halberd.
You are too injured to fight recklessly!
You shred the net and break free!
The gnoll hits you from afar with a +0 halberd.
* * * LOW HITPOINT WARNING * * *
The gnoll hits you from afar with a +0 spear.
* * * LOW HITPOINT WARNING * * *
The gnoll hits you but does no damage.
You are too injured to fight recklessly!
It was a potion of brilliance.
You feel clever all of a sudden. The gnoll hits you but does no damage.
The gnoll hits you from afar with a +0 halberd!
You die... ###. .### ...#... #.. #...# ## #.# ########.#### .. #.# .....†......# .# #.# ###.###..##.# ##g# #.# #.# #.## # #gg

#.# #.# #.#
#.####)######.####
#.# #.#
#....g@..........#
#.# #.#
######.######.##.#
#.# #.# ....
#.##.# #.# #.#
#.#.#. #.##.# #.#
#...... ..##.# #.#
. #.# ## ####.#
#.# ## ... #.# #<#
#.# #.# #.# #.#


You could see 4 gnolls.

Vanquished Creatures
  3 ball pythons (D:1)
  3 bats
  3 endoplasms
  6 giant cockroaches
  2 goblins
  4 hobgoblins
  3 jackals (D:1)
  A kobold (D:2)
  A frilled lizard (D:1)
  2 rats (D:1)
28 creatures vanquished.

Notes
Turn   | Place    | Note
-------+----------+-------------------------------------------
     0 | D:1      | Flugslaktarn the Minotaur Fighter began the quest for the
                  | Orb.
     0 | D:1      | Reached XP level 1. HP: 19/19 MP: 0/0
    29 | D:1      | Found Caut's Antique Armour Shoppe.
   144 | D:1      | Reached XP level 2. HP: 27/27 MP: 1/1
   168 | D:1      | Reached skill level 4 in Fighting
   186 | D:1      | Found Wurgh's General Store.
   198 | D:1      | Found Dasa Pay's Assorted Antiques.
   225 | D:1      | Bought a scroll labelled RETSIAT UXAX for 25 gold pieces
   267 | D:1      | Found Neymej's Antique Weapon Shoppe.
   282 | D:1      | Found Sumeq's General Store.
   723 | D:2      | Reached XP level 3. HP: 31/33 MP: 2/2
  1109 | D:2      | Slain by a gnoll

Illustrated notes

Levels and vault maps discovered:
D:1:      psy_arrival_radial01, layout_rooms, serial_shops, shop,
          nicolae_shop_window_shopping, nicolae_shop_rolling_square, shop, shop
D:2:      layout_loops_ring

Skill      XL: |  1  2 |
---------------+-------+-----
Fighting       | 4 |  4.2
Axes           | 3 |  3.2
Armour         | |  3.9
Shields        | |  3.9

Action                     || total
---------------------------++-------
  Melee: War axe           ||    58
         Headbutt          ||     9
    Use: Potion            ||     1
 Armour: Scale mail        ||    28
         Plate armour      ||    39
  Dodge: Dodged            ||    20
  Block: Buckler           ||    15

Table legend: (Time is in decaauts)
 A = Elapsed time spent in this place.
 B = Non-inter-level travel time spent in this place.
 C = Inter-level travel time spent in this place.
 D = Time resting spent in this place.
 E = Time spent auto-exploring this place.
 F = Levels seen in this place.
 G = Mean time per level.
                   A        B        C        D        E       F      G
               +--------+--------+--------+--------+--------+-----+--------+
         Total |   1130 |   1127 |      3 |      0 |    932 |   2 |  565.0 |
       Dungeon |   1130 |   1127 |      3 |      0 |    932 |   2 |  565.0 |
               +--------+--------+--------+--------+--------+-----+--------+

Top non-repeatable levels by time:
     D:1: 705 daAuts
     D:2: 424 daAuts
